 Dungeon Crawl Stone Soup version 0.21-a0-442-g848f44b (webtiles) character file.

33500 Gorice the Fencer (level 13, -2/86 HPs)
             Began as a Demonspawn Wanderer on Nov 12, 2017.
             Was a High Priest of Nemelex Xobeh.
             Slain by a death yak (10 damage)
             ... on level 6 of the Lair of Beasts.
             The game lasted 01:14:36 (24297 turns).

Gorice the Fencer (Demonspawn Wanderer)            Turns: 24297, Time: 01:14:37

Health: -2/86      AC: 18    Str: 22    XL:     13   Next: 37%
Magic:  0/20       EV:  7    Int: 14    God:    Nemelex Xobeh [*****.]
Gold:   1007       SH:  2    Dex: 11    Spells: 22/22 levels left

rFire    + . .     SeeInvis .   a - +4 great sword
rCold    . . .     Gourm    .   (shield currently unavailable)
rNeg     . . .     Faith    .   k - +0 plate armour
rPois    .         Spirit   +   (helmet restricted)
rElec    .         Reflect  +   r - +2 cloak
rCorr    .         Harm     .   (no gloves)
MR       .....                  (boots unavailable)
Stlth    ..........             j - +2 amulet of reflection
HPRegen  0.24/turn              q - +3 ring of strength
MPRegen  0.34/turn              h - ring of protection from fire

@: drained
A: antennae 2, claws 1, hooves 3, nightstalker 1, magic shield, magic
regeneration
a: Triple Draw, Deal Four, Stack Five, Renounce Religion


You were on level 6 of the Lair of Beasts.
You worshipped Nemelex Xobeh.
Nemelex Xobeh was extremely pleased with you.
You were not hungry.

You visited 3 branches of the dungeon, and saw 17 of its levels.
You also visited: Ice Cave.

You collected 1007 gold pieces.

Inventory:

Hand Weapons
 a - a +4 great sword (weapon)
Missiles
 C - 17 tomahawks (quivered)
 Y - 507 stones
 Z - 3 throwing nets
Armour
 k - a +0 plate armour (worn)
 n - a scarf of resistance
   (You found it on level 6 of the Lair of Beasts)
 r - a +2 cloak (worn)
Magical Staves
 D - an uncursed staff of air {unknown}
Jewellery
 h - a ring of protection from fire (right claw)
 j - a +2 amulet of reflection (around neck)
 q - a +3 ring of strength (left claw)
 I - an uncursed ring of protection from fire
Wands
 g - a wand of disintegration (13/24)
 s - a wand of flame (16/48)
 w - a wand of digging (18/24)
 x - a wand of iceblast (6/15)
 A - a wand of polymorph (11/24)
 G - a wand of paralysis (0/24)
 H - a wand of acid (8/15)
 K - a wand of digging (15/24)
 O - a wand of lightning (2/15)
 R - a wand of disintegration (0/24)
Scrolls
 d - 5 scrolls of remove curse
 i - 12 scrolls of teleportation {!r}
 m - 4 scrolls of fog
 E - 5 scrolls of identify
 Q - 2 scrolls of magic mapping {!r}
 S - a scroll of blinking
 T - a scroll of fear {!r}
Potions
 b - a potion of berserk rage
 c - 2 potions of might {!q}
 t - 4 potions of lignification {!q}
 v - a potion of agility {!q}
 z - 6 potions of curing
 J - 2 potions of haste {!q}
Books
 p - a book of Beasts
Miscellaneous
 e - an ornate deck of destruction {drawn: 6}
 l - a plain deck of destruction {drawn: 6}
 o - a legendary deck of summoning {drawn: 1}
 u - a plain deck of summoning
 y - a plain deck of summoning {drawn: 3}
 N - a plain deck of escape
 P - a legendary deck of escape {drawn: 1}
Comestibles
 f - 15 bread rations {!e}
 B - 2 fruits
 F - 8 chunks of flesh


   Skills:
 + Level 3.1(3.0) Fighting
 + Level 15.2(15.1) Long Blades
 - Level 12.0(11.9) Armour
   Level 1.7(1.6) Shields
 - Level 5.0(4.9) Spellcasting
   Level 1.0(0.9) Summonings
   Level 1.0(0.9) Transmutations
   Level 1.0(0.9) Poison Magic
 + Level 6.9(6.8) Evocations


You had 22 spell levels left.
You didn't know any spells.

Dungeon Overview and Level Annotations

Branches:
Dungeon (10/15)            Temple (1/1) D:6            Lair (6/6) D:10
 Shoals (0/4) Lair:4       Spider (0/4) Lair:2        Slime (0/5) Lair:6
    Orc (0/2) D:9

Altars:
Ashenzari
Cheibriados
Dithmenos
Elyvilon
Fedhas
Gozag
Hepliaklqana
Kikubaaqudgha
Makhleb
Nemelex Xobeh
Okawaru
Qazlal
Ru
Sif Muna
Trog
Uskayaw
Vehumet
Wu Jian
Xom
Yredelemnul
Zin
The Shining One
Jiyva

Shops:
D:4 ?

Annotations:
D:3 Barriton's ghost, amateur DrCj
D:9 darxusza's ghost, novice VSAs


Innate Abilities, Weirdness & Mutations

You have a pair of antennae on your head.
You have sharp fingernails.
You have hooves in place of feet.
You are slightly more attuned to the shadows.
When hurt, damage is shared between your health and your magic reserves.
You regenerate magic rapidly.


Message History

The death yak gores you!
Damage: 13 (max 13)
You slash the death yak!
You kick the death yak, but do no damage.
The death yak is moderately wounded.
The death yak gores you.
You barely miss the death yak. Your kick misses the death yak.
The death yak is moderately wounded.
The death yak barely misses you.
Your plate armour prevents you from hitting the death yak.
The death yak is moderately wounded.
The death yak gores you!!
* * * LOW HITPOINT WARNING * * *
You hear a bellow!
Damage: 15 (max 15)
You slash the death yak! Your kick misses the death yak.
The death yak is heavily wounded.
The death yak gores you!
* * * LOW HITPOINT WARNING * * *
Damage: 12 (max 15)
You barely miss the death yak.
The death yak is heavily wounded.
The death yak gores you.
* * * LOW HITPOINT WARNING * * *
Damage: 4 (max 15)
You see here a dwarf skeleton.
You see here a black bear skeleton.
You slice the death yak!!
The death yak is heavily wounded.
The death yak gores you!
* * * LOW HITPOINT WARNING * * *
Damage: 7 (max 15)
You hit the death yak. Your kick misses the death yak.
The death yak is severely wounded.
The death yak gores you.
* * * LOW HITPOINT WARNING * * *
The death yak gores the plant.
Damage: 3 (max 15)
You slice the death yak!!
The death yak is almost dead.
The death yak gores you.
* * * LOW HITPOINT WARNING * * *
The death yak gores the plant.
Damage: 2 (max 15)
You slice the death yak!!
You kill the death yak!
Your Fighting skill increases to level 3!
You barely miss the death yak. The death yak gores you!
You die...
Your body glows with a rainbow of weird colours and disappears.

..................P.####.PP....##
.......................####...##.
.......P..##...P.....P....##.....
........##.##..............##..##
........#...##.......####...####
.............#.P...### ###...#
.........P...##...## ...#
.......##.....##..# ...
......P##.....##@## ..
.......###....##Y## รท
......#.##....##.P#
#.............#YP.#
#....P.......##P..#
........##...#...P##
.#....#####..#P....#
#.....#.##P..#.....#
.............#.....#


You could see 2 death yaks.

Vanquished Creatures
  4 hydras
  3 death yaks
  A two-headed ogre (D:10)
  A merfolk siren (Lair:4)
  8 elephants
  2 black mambas
  7 spiny frogs
  2 rime drakes
  3 ice devils
  5 komodo dragons
  A troll (D:8)
  5 polar bears
  Grinder (D:3)
  14 blink frogs
  8 dream sheep
  8 hippogriffs
  Prince Ribbit (D:6)
  2 spriggans (Lair:5)
  A tarantella (Lair:2)
  5 wyverns (Lair:3)
  2 basilisks
  14 yaks
  3 wargs (D:10)
  13 water moccasins
  An orc warrior (D:9)
  9 porcupines
  A sky beast (D:5)
  3 ice beasts
  3 black bears
  2 phantoms
  2 ogres
  6 wolves
  9 crocodiles
  3 centaurs
  2 big kobolds
  10 bullfrogs
  5 scorpions
  A howler monkey (D:8)
  7 killer bees
  11 wights
  A crimson imp (D:8)
  2 centaur zombies
  2 jellies
  6 hounds
  A bullfrog zombie (D:5)
  5 orc priests
  2 bullfrog skeletons
  3 iguanas
  Ijyb (D:3)
  Jessica (D:3)
  A centaur skeleton (D:8)
  6 orc wizards
  5 worker ants
  6 hell rats (Lair:6)
  2 hound skeletons
  Robin (D:2)
  8 gnolls
  9 adders
  6 river rats (Lair:6)
  3 shadow imps
  An adder skeleton (D:7)
  4 worms
  2 dart slugs
  7 leopard geckos
  23 orcs
  4 giant cockroaches
  12 goblins
  8 hobgoblins
  8 jackals
  13 kobolds
  4 quokkas
  5 bats
  5 frilled lizards
  A jackal skeleton (D:8)
  A leopard gecko zombie (D:5)
  9 rats
  A fungus (Lair:6)
  A plant (Lair:1)
369 creatures vanquished.

Vanquished Creatures (collateral kills)
  3 hydras
  A blink frog (Lair:6)
  A basilisk (Lair:5)
  2 water moccasins (Lair:6)
  A porcupine (Lair:2)
  A bullfrog (Lair:1)
  2 killer bees (D:7)
11 creatures vanquished.

Vanquished Creatures (others)
  An ooze (D:7)
  A ball lightning (Lair:2)
  A bush (Lair:6)
  5 fungi
  10 plants
18 creatures vanquished.

Grand Total: 398 creatures vanquished

Notes
Turn   | Place    | Note
-------+----------+-------------------------------------------
     0 | D:1      | Gorice the Demonspawn Wanderer began the quest for the Orb.
     0 | D:1      | Gorice set off with: a book of Changes, the Disquisition on Clay, the Incunabulum of Displacement, a +0 robe, a +0 club, a bread ration {!e}
     0 | D:1      | Reached XP level 1. HP: 13/13 MP: 6/6
     0 | D:1      | Identified the Disquisition on Clay
     0 | D:1      | Identified the Incunabulum of Displacement
   156 | D:1      | Reached skill level 1 in Fighting
   438 | D:1      | HP: 4/15 [giant cockroach (1)]
   439 | D:1      | Gained mutation: You have large cloven feet. [demonic ancestry]
   439 | D:1      | Reached XP level 2. HP: 7/22 MP: 8/8
   951 | D:1      | Reached skill level 2 in Fighting
  1441 | D:2      | Gained mutation: When hurt, damage is shared between your health and your magic reserves. [demonic ancestry]
  1441 | D:2      | Reached XP level 3. HP: 21/28 MP: 9/9
  2103 | D:3      | Noticed Jessica
  2117 | D:3      | Killed Jessica
  2117 | D:3      | Reached skill level 1 in Long Blades
  2117 | D:3      | Reached XP level 4. HP: 34/34 MP: 11/11
  2140 | D:3      | Reached skill level 1 in Armour
  2372 | D:3      | Reached skill level 2 in Long Blades
  2387 | D:3      | Noticed Barriton's ghost (amateur DrCj)
  2411 | D:2      | Gained mutation: You regenerate magic rapidly. [demonic ancestry]
  2411 | D:2      | Reached XP level 5. HP: 18/40 MP: 8/12
  2830 | D:3      | Noticed Robin
  2853 | D:2      | Killed Robin
  3454 | D:3      | Noticed Ijyb
  3490 | D:3      | Killed Ijyb
  3490 | D:3      | Reached skill level 3 in Long Blades
  3490 | D:3      | Reached skill level 2 in Armour
  3550 | D:3      | Found a sacrificial altar of Ru.
  3551 | D:3      | Found a glowing golden altar of the Shining One.
  3638 | D:3      | Noticed Grinder
  3932 | D:4      | Found Medumm's Magic Scroll Boutique.
  4036 | D:4      | Gained mutation: You have a pair of small antennae on your head. [demonic ancestry]
  4036 | D:4      | Reached XP level 6. HP: 18/46 MP: 10/13
  4063 | D:3      | Reached skill level 4 in Long Blades
  4479 | D:3      | Paralysed by Grinder for 3 turns
  4484 | D:3      | Killed Grinder
  4484 | D:3      | Reached skill level 3 in Armour
  4484 | D:3      | Reached XP level 7. HP: 42/51 MP: 10/14
  4562 | D:4      | Reached skill level 5 in Long Blades
  4637 | D:4      | HP: 15/51 [poisoned by a scorpion]
  4643 | D:4      | HP: 13/51 [poisoned by a scorpion]
  4648 | D:4      | HP: 12/51 [poisoned by a scorpion]
  4655 | D:4      | HP: 11/51 [poisoned by a scorpion]
  4663 | D:4      | HP: 10/51 [poisoned by a scorpion]
  5387 | D:4      | Reached skill level 6 in Long Blades
  5387 | D:4      | Reached skill level 4 in Armour
  5668 | D:5      | Entered Level 5 of the Dungeon
  5861 | D:5      | Reached XP level 8. HP: 42/57 MP: 13/15
  6157 | D:5      | Reached skill level 7 in Long Blades
  6324 | D:5      | Reached skill level 5 in Armour
  6967 | D:6      | Found a staircase to the Ecumenical Temple.
  6983 | Temple   | Entered the Ecumenical Temple
  7119 | Temple   | Became a worshipper of Nemelex Xobeh the Trickster
  7172 | D:6      | Reached skill level 8 in Long Blades
  7275 | D:6      | Received a gift from Nemelex Xobeh
  7518 | D:6      | Noticed Prince Ribbit
  7521 | D:6      | Gained mutation: You are slightly more attuned to the shadows. [demonic ancestry]
  7521 | D:6      | Reached XP level 9. HP: 51/62 MP: 13/16
  7534 | D:6      | Killed Prince Ribbit
  7698 | D:6      | Reached skill level 6 in Armour
  7998 | D:7      | Reached skill level 9 in Long Blades
  8048 | D:6      | HP: 18/62 [poisoned by a killer bee]
  8054 | D:6      | HP: 17/62 [poisoned by a killer bee]
  8062 | D:6      | HP: 17/62 [poisoned by a killer bee]
  8727 | D:7      | Reached skill level 10 in Long Blades
  8727 | D:7      | Reached skill level 7 in Armour
  9116 | D:8      | Reached * piety under Nemelex Xobeh
  9116 | D:8      | Received a gift from Nemelex Xobeh
  9336 | D:8      | Paralysed by an orc for 3 turns
  9392 | D:8      | Gained mutation: You have a pair of antennae on your head. [demonic ancestry]
  9392 | D:8      | Reached XP level 10. HP: 67/69 MP: 17/17
 10083 | D:9      | Found a staircase to the Orcish Mines.
 10090 | D:9      | Received a gift from Nemelex Xobeh
 10228 | D:9      | Noticed darxusza's ghost (novice VSAs)
 10640 | D:10     | Entered Level 10 of the Dungeon
 11230 | D:10     | Reached skill level 11 in Long Blades
 11352 | D:10     | Noticed a two-headed ogre
 11452 | D:10     | Reached ** piety under Nemelex Xobeh
 11519 | D:10     | Reached skill level 8 in Armour
 11628 | D:10     | Killed a two-headed ogre
 11998 | D:10     | Found a staircase to the Lair.
 12072 | D:10     | Received a gift from Nemelex Xobeh
 12298 | Lair:1   | Entered Level 1 of the Lair of Beasts
 12345 | Lair:1   | Noticed a spiny frog
 12354 | Lair:1   | a spiny frog changed into a black bear
 12357 | Lair:1   | HP: 20/69 [poisoned by a spiny frog]
 12361 | Lair:1   | Reached skill level 12 in Long Blades
 12362 | Lair:1   | HP: 9/69 [poisoned by a spiny frog]
 12635 | Lair:1   | Found a frozen archway.
 12657 | IceCv    | Entered an ice cave
 12780 | IceCv    | HP: 16/69 [ice devil (8)]
 12781 | IceCv    | HP: 1/69 [ice devil (7)]
 13087 | Lair:1   | Gained mutation: You have hoof-like feet. [demonic ancestry]
 13087 | Lair:1   | Reached XP level 11. HP: 74/74 MP: 18/18
 13097 | Lair:1   | Noticed a five-headed hydra
 13107 | Lair:1   | Killed a five-headed hydra
 13107 | Lair:1   | Reached skill level 9 in Armour
 13119 | Lair:1   | Noticed a six-headed hydra
 13134 | Lair:1   | HP: 21/74 [six-headed hydra (4)]
 13145 | Lair:1   | HP: 22/74 [six-headed hydra (2)]
 13147 | Lair:1   | Killed a six-headed hydra
 13607 | Lair:1   | Received a gift from Nemelex Xobeh
 13972 | Lair:2   | HP: 14/74 [komodo dragon (19)]
 14416 | Lair:2   | Found a hole to the Spider Nest.
 14522 | Lair:2   | Reached *** piety under Nemelex Xobeh
 14522 | Lair:2   | Received a gift from Nemelex Xobeh
 14598 | Lair:2   | Reached skill level 13 in Long Blades
 15520 | Lair:2   | Reached skill level 10 in Armour
 15535 | Lair:2   | Received a gift from Nemelex Xobeh
 15571 | Lair:2   | Noticed a five-headed hydra
 15581 | Lair:2   | Killed a five-headed hydra
 16015 | Lair:2   | Received a gift from Nemelex Xobeh
 16429 | Lair:3   | Reached **** piety under Nemelex Xobeh
 16641 | Lair:3   | Gained mutation: You have hooves in place of feet. [demonic ancestry]
 16641 | Lair:3   | Reached XP level 12. HP: 44/80 MP: 13/19
 16832 | Lair:3   | Reached skill level 14 in Long Blades
 17831 | Lair:3   | Reached skill level 1 in Evocations
 18447 | Lair:3   | Reached skill level 2 in Evocations
 18648 | Lair:4   | HP: 24/80 [blink frog (9)]
 18668 | Lair:4   | HP: 18/80 [blink frog (6)]
 18673 | Lair:4   | HP: 11/80 [blink frog (5)]
 18683 | Lair:4   | Received a gift from Nemelex Xobeh
 19067 | Lair:4   | Received a gift from Nemelex Xobeh
 19285 | Lair:4   | Reached ***** piety under Nemelex Xobeh
 19386 | Lair:4   | Reached skill level 3 in Evocations
 19614 | Lair:4   | Received a gift from Nemelex Xobeh
 19718 | Lair:4   | Found a staircase to the Shoals.
 19751 | Lair:4   | Identified a scroll of acquirement
 19876 | Lair:5   | Reached skill level 11 in Armour
 19904 | Lair:5   | Reached skill level 4 in Evocations
 19905 | Lair:5   | HP: 24/80 [poisoned by a spriggan]
 19910 | Lair:5   | HP: 21/80 [poisoned by a spriggan]
 19915 | Lair:5   | HP: 19/80 [poisoned by a spriggan]
 19922 | Lair:5   | HP: 17/80 [poisoned by a spriggan]
 19929 | Lair:5   | HP: 17/80 [poisoned by a spriggan]
 19937 | Lair:5   | HP: 17/80 [poisoned by a spriggan]
 20438 | Lair:5   | Received a gift from Nemelex Xobeh
 20486 | Lair:5   | Noticed a four-headed hydra
 20493 | Lair:5   | Killed a four-headed hydra
 21389 | Lair:6   | Entered Level 6 of the Lair of Beasts
 21396 | Lair:6   | Noticed a four-headed hydra
 21405 | Lair:6   | Killed a four-headed hydra
 21428 | Lair:6   | Reached skill level 5 in Evocations
 21479 | Lair:6   | HP: 17/80 [crocodile (9)]
 21484 | Lair:6   | HP: 15/80 [poisoned by a spiny frog]
 21492 | Lair:6   | HP: 14/80 [poisoned by a spiny frog]
 21970 | Lair:6   | Noticed a seven-headed hydra
 21980 | Lair:6   | Killed a seven-headed hydra
 22086 | Lair:6   | Received a gift from Nemelex Xobeh
 22279 | Lair:6   | Gained mutation: You have sharp fingernails. [demonic ancestry]
 22279 | Lair:6   | Reached XP level 13. HP: 83/85 MP: 20/20
 22587 | Lair:6   | Reached skill level 15 in Long Blades
 22587 | Lair:6   | Reached skill level 6 in Evocations
 23190 | Lair:5   | HP: 19/85 [death yak (9)]
 23600 | Lair:6   | Found a viscous altar of Jiyva.
 23600 | Lair:6   | Found a staircase to the Slime Pits.
 23610 | Lair:6   | HP: 20/85 [seven-headed hydra (6)]
 23728 | Lair:6   | HP: 25/85 [seven-headed hydra (7)]
 23729 | Lair:6   | HP: 12/85 [seven-headed hydra (2)]
 24268 | Lair:6   | Reached skill level 12 in Armour
 24274 | Lair:6   | HP: 19/85 [death yak (12)]
 24293 | Lair:6   | HP: 12/85 [death yak (7)]
 24296 | Lair:6   | Reached skill level 3 in Fighting
 24297 | Lair:6   | Slain by a death yak

Vault maps used:
D:1:      dpeg_arrival_orchard
D:3:      gammafunk_temple_overflow_statue, uniq_jessica, uniq_grinder,
          uniq_robin, uniq_ijyb
D:4:      serial_shops, kennysheep_mini, hangedman_decor_opposing
D:5:      first_bread
D:6:      minmay_temple_entry_water_ring, serial_co_window_serial,
          co_window_corner_a, co_window_paths_a, co_window_cross_1,
          co_window_of_opportunity_a, co_window_of_opportunity_a,
          co_window_broadway_a, co_window_2corner, co_window_broadway_a,
          co_window_2corner, co_window_4corner_b, glass_columns_a,
          glass_columns_a, glass_columns_c, uniq_prince_ribbit1
D:7:      moated_statue, grunt_ogre_cave
D:9:      orc_0_dummy, roderic_three_in_a_row
D:10:     erik_lair_orcish_takeover, st_stairs_1
Temple:   regret_index_temple_chain_breaker
Lair:1:   portal_ice_cave_demonic_guard, lemuel_fruit_tree, grunt_megastairs_5
Lair:2:   spider_nest_entry_rubble, infiniplex_staircase_pool_2
Lair:3:   lemuel_fruit_fields
Lair:4:   minmay_shoals_entry_lonely_mermaid, beast_lair_carwin_11
Lair:5:   forest_entry_grove, lemuel_fruit_fields
Lair:6:   grunt_lair_end_beastmaster, slime_altar_1, kennysheep_abandoned_house,
          grunt_megastairs_3
IceCv:    ice_cave_tombish

Skill      XL: |  1  2  3  4  5  6  7  8  9 10 11 12 13 |
---------------+----------------------------------------+-----
Fighting       | 1 2 3 |  3.1
Long Blades    | 1 2 3 4 6 8 10 12 13 14 15 | 15.2
Armour         | 1 2 3 4 5 7 8 10 11 12 | 12.0
Evocations     | 5 6 |  6.9
Shields        | |  1.7
Spellcasting   | |  5.0
Summonings     | |  1.0
Transmutations | |  1.0
Poison Magic   | |  1.0

Action                   |  1- 3 |  4- 6 |  7- 9 | 10-12 | 13-15 || total
-------------------------+-------+-------+-------+-------+-------++-------
Melee: Club              |   117 |       |       |       |       ||   117
       Kick              |    17 |    62 |   140 |   232 |    61 ||   512
       Falchion          |    32 |   213 |   207 |       |       ||   452
       Scimitar          |       |       |   244 |   539 |       ||   783
       Great sword       |       |       |       |   283 |   159 ||   442
 Fire: Hunting sling     |       |    29 |    46 |       |       ||    75
Throw: Stone             |     8 |       |       |       |       ||     8
       Tomahawk          |       |       |    20 |    56 |       ||    76
Evoke: Wand              |       |     5 |     8 |    13 |     3 ||    29
       Deck              |       |       |     1 |    18 |     4 ||    23
  Use: Scroll            |     8 |     2 |     8 |    14 |       ||    32
       Potion            |       |       |     1 |     6 |       ||     7
 Stab: Sleeping          |     1 |       |       |       |       ||     1
       Paralysed         |       |       |       |     5 |       ||     5
  Eat: Chunk             |     3 |     9 |    16 |    28 |     7 ||    63
       Bread ration      |       |       |       |     2 |       ||     2
       Royal jelly       |       |       |       |     2 |       ||     2
Armor: Robe              |     6 |       |       |       |       ||     6
       Chain mail        |   114 |    79 |   301 |    16 |       ||   510
       Scale mail        |    23 |    60 |       |       |       ||    83
       Plate armour      |       |       |       |   579 |   135 ||   714
Dodge: Dodged            |    72 |    83 |   165 |   287 |    83 ||   690
Block: Other             |       |    10 |    30 |    53 |     9 ||   102
       Reflection        |       |       |     1 |       |       ||     1
       Rpst.: Falchion   |     8 |    22 |    20 |       |       ||    50
       Scimitar          |       |       |    25 |    38 |       ||    63
       Great sword       |       |       |       |    40 |    17 ||    57

Table legend:
 A = Spawn XP
 B = Non-spawn XP
 C = Spawn XP percentage of total XP
 D = Spawn monster count
 E = Non-spawn monster count
 F = Spawn count percentage of total count
 G = Total turns spent on level
                    A         B        C        D         E        F      G
               +---------+---------+-------+---------+---------+-------+---------
         Total |       0 |   47858 |   0.0 |       0 |     378 |   0.0 | 24297
               +---------+---------+-------+---------+---------+-------+---------
           D:1 |       0 |      27 |   0.0 |       0 |      16 |   0.0 |  1314
           D:2 |       0 |      90 |   0.0 |       0 |      14 |   0.0 |  1455
           D:3 |       0 |     544 |   0.0 |       0 |      41 |   0.0 |  1568
           D:4 |       0 |     666 |   0.0 |       0 |      26 |   0.0 |  1387
           D:5 |       0 |     724 |   0.0 |       0 |      19 |   0.0 |  1120
           D:6 |       0 |    1126 |   0.0 |       0 |      23 |   0.0 |  1380
           D:7 |       0 |    1809 |   0.0 |       0 |      25 |   0.0 |   837
           D:8 |       0 |    1010 |   0.0 |       0 |      20 |   0.0 |  1002
           D:9 |       0 |     303 |   0.0 |       0 |       8 |   0.0 |  1099
          D:10 |       0 |    3506 |   0.0 |       0 |      33 |   0.0 |  1518
        Lair:1 |       0 |    5060 |   0.0 |       0 |      19 |   0.0 |  2195
        Lair:2 |       0 |    5959 |   0.0 |       0 |      23 |   0.0 |  1325
        Lair:3 |       0 |    4957 |   0.0 |       0 |      21 |   0.0 |  2358
        Lair:4 |       0 |    1793 |   0.0 |       0 |       7 |   0.0 |  1033
        Lair:5 |       0 |    7090 |   0.0 |       0 |      29 |   0.0 |  2333
        Lair:6 |       0 |   12875 |   0.0 |       0 |      53 |   0.0 |  2080
         IceCv |       0 |     319 |   0.0 |       0 |       1 |   0.0 |   151
               +---------+---------+-------+---------+---------+-------+---------

Table legend:
 A = Turns spent in this place as a percentage of turns spent in the entire game.
 B = Non-inter-level travel turns spent in this place as a percentage of non-inter-level travel turns spent in the entire game.
 C = Inter-level travel turns spent in this place as a percentage of turns spent in this place.
 D = Turns resting spent in this place as a percentage of non-inter-level travel turns spent in this place.
 E = Turns spent auto-exploring this place as a percentage of non-inter-level travel turns spent in this place.
 F = Non-inter-level travel turns spent in this place divided by the number of levels of this place that you've seen.
                   A       B       C       D       E      F
               +-------+-------+-------+-------+-------+----------------------
         Total | 100.0 | 100.0 |   6.3 |  34.0 |  38.2 | 1264.9
       Dungeon |  52.2 |  51.3 |   7.9 |  28.3 |  40.7 | 1167.8
        Temple |   0.6 |   0.5 |  13.4 |   0.0 |  94.3 | 123.0
          Lair |  46.6 |  47.5 |   4.5 |  40.1 |  35.4 | 1802.8
      Ice Cave |   0.6 |   0.7 |   0.0 |  60.3 |   0.0 | 151.0
               +-------+-------+-------+-------+-------+----------------------

Vault maps used:
D:1:      dpeg_arrival_orchard
D:3:      gammafunk_temple_overflow_statue, uniq_jessica, uniq_grinder,
          uniq_robin, uniq_ijyb
D:4:      serial_shops, kennysheep_mini, hangedman_decor_opposing
D:5:      first_bread
D:6:      minmay_temple_entry_water_ring, serial_co_window_serial,
          co_window_corner_a, co_window_paths_a, co_window_cross_1,
          co_window_of_opportunity_a, co_window_of_opportunity_a,
          co_window_broadway_a, co_window_2corner, co_window_broadway_a,
          co_window_2corner, co_window_4corner_b, glass_columns_a,
          glass_columns_a, glass_columns_c, uniq_prince_ribbit1
D:7:      moated_statue, grunt_ogre_cave
D:9:      orc_0_dummy, roderic_three_in_a_row
D:10:     erik_lair_orcish_takeover, st_stairs_1
Temple:   regret_index_temple_chain_breaker
Lair:1:   portal_ice_cave_demonic_guard, lemuel_fruit_tree, grunt_megastairs_5
Lair:2:   spider_nest_entry_rubble, infiniplex_staircase_pool_2
Lair:3:   lemuel_fruit_fields
Lair:4:   minmay_shoals_entry_lonely_mermaid, beast_lair_carwin_11
Lair:5:   forest_entry_grove, lemuel_fruit_fields
Lair:6:   grunt_lair_end_beastmaster, slime_altar_1, kennysheep_abandoned_house,
          grunt_megastairs_3
IceCv:    ice_cave_tombish
